 Dungeon Crawl Stone Soup version 0.30.0-19-g36f170ea60 (webtiles) character file.

Game seed: 2208066373981957696

411 Amplified the Digger (level 6, -8/46 HPs)
             Began as a Demonspawn Earth Elementalist on May 28, 2023.
             Was an Initiate of Ashenzari.
             Engulfed by a steam dragon's steam (9 damage)
             ... on level 5 of the Dungeon.
             The game lasted 00:07:56 (4359 turns).

Amplified the Digger (DsEE)                         Turns: 4359, Time: 00:07:57

Health: -8/46      AC:  4    Str:  8      XL:     6   Next: 58%
Magic:  11/11      EV: 12    Int: 17 (19) God:    Ashenzari [......]
Gold:   73         SH:  0    Dex: 13      Spells: 8/11 levels left

rFire   . . .        g - +2 war axe (distort)
rCold   . . .        (no shield)
rNeg    . . .        a - +0 robe
rPois   .            (no helmet)
rElec   .            (no cloak)
rCorr   .            (no gloves)
SInv    .            (no boots)
Will    .....        (no amulet)
Stlth   ++           (no ring)
HPRegen 0.27/turn    (no ring)
MPRegen 0.12/turn

%: no passive effects
@: mighty
A: icy blue scales 1, weakness stinger 2
a: Renounce Religion


You were on level 5 of the Dungeon.
You worshipped Ashenzari.
Ashenzari was noncommittal.
You visited 1 branch of the dungeon, and saw 5 of its levels.

You collected 224 gold pieces.
You spent 151 gold pieces at shops.

Inventory:

Hand Weapons
 c - a +2 dagger
 g - a +2 war axe of distortion (weapon)
Armour
 a - a +0 robe (worn)
Wands
 o - a wand of polymorph (12)
Potions
 b - a potion of magic
 d - 4 potions of curing
 f - 2 potions of might
 h - a potion of haste {unknown}
 j - 2 potions of attraction {unknown}
 k - a potion of brilliance {unknown}
 n - a potion of ambrosia {unknown}
 p - a potion of mutation {unknown}


   Skills:
 + Level 2.5 Fighting
 + Level 2.3 Axes
 - Level 1.9 Dodging
 - Level 2.0 Stealth
 + Level 3.4 Spellcasting
 + Level 2.8 Transmutations
 + Level 3.8 Earth Magic


You had 8 spell levels left.
You knew the following spells:

 Your Spells              Type           Power      Damage    Failure   Level
a - Sandblast             Erth           30%        2d9       3%          1
b - Passwall              Tmut/Erth      11%        N/A       6%          2

Your spell library contained the following spells:

 Spells                   Type           Power      Damage    Failure   Level
 Beastly Appendage        Tmut           24%        N/A       5%          1
 Wereblood                Tmut           12%        N/A       9%          2
 Stone Arrow              Conj/Erth      18%        3d8       22%         3
 Spider Form              Tmut/Pois      7%         N/A       28%         3
 Petrify                  Tmut/Erth      14%        N/A       38%         4
 Gell's Gravitas          Tloc           2%         N/A       45%         3
 Teleport Other           Tloc           2%         N/A       45%         3
 Borgnjor's Vile Clutch   Necr/Erth      4%         N/A       91%         5
 Alistair's Intoxication  Tmut/Pois      4%         N/A       95%         5
 Dispersal                Tloc           1%         N/A       100%        6
 Eringya's Noxious Bog    Tmut/Pois      3%         N/A       100%        6


Dungeon Overview and Level Annotations

Branches:
Dungeon (5/15)
 Temple: D:4-7

Altars:
Ashenzari
Ru

Shops:
D:4 *[[

Annotations:
D:2 Terence
D:5 Duvessa


Innate Abilities, Weirdness & Mutations

You are partially covered in icy blue scales. (AC +2)
You have a tail ending in a sharp stinger.


Message History

You feel very mighty all of a sudden.
The fungus is engulfed in a cloud of scalding steam. x2
The fungus begins to die.
The fungus is engulfed in a cloud of scalding steam.
The steam dragon bites the fungus!
The steam dragon claws the fungus.
Unknown command.
The fungus is engulfed in a cloud of scalding steam. x2
The steam dragon barely misses you.
The steam dragon claws you but does no damage.
The steam dragon bites you! The steam dragon claws you.
Unknown command.
You slash the steam dragon!
Your tail-slap misses the steam dragon.
The steam dragon is heavily wounded.
You barely miss the steam dragon. You slash the fungus!
Space warps horribly around the fungus!
You slash the fungus!
Space warps horribly around the fungus!
You slash the fungus!
Space warps around the fungus.
The steam dragon blinks!
A nearby fungus withers and dies.
The fungus is engulfed in a cloud of scalding steam.
A nearby fungus withers and dies.
The fungus is engulfed in a cloud of scalding steam.
A nearby fungus withers and dies. x3
The steam dragon breathes steam at you. The ball of steam hits you!!
* * * LOW HITPOINT WARNING * * *
You feel better.
You are engulfed in a cloud of scalding steam.
* * * LOW HITPOINT WARNING * * *
You are no longer glowing.
You hear a shout!
The steam dragon bites you!
* * * LOW HITPOINT WARNING * * *
The steam dragon misses you. The steam dragon closely misses you.
The steam dragon claws you but does no damage.
Unknown command.
You slash the steam dragon!
Space warps around the steam dragon.
The steam dragon is heavily wounded.
You hit the steam dragon.
The steam dragon blinks!
You are engulfed in a cloud of scalding steam.
You die...

.#..g# .##)..#
..#...... ..........g
........... ###
#.[........ ###.~###
###.....#######~~PP.P#
P≈#######...§§§§.D..~##
~P [.§.....@D...~# ..
~..P.§.§......# .P
#######PP...^≈# ##
.#~PPP.## #.##.^.## ..
#### ... ....


You could see 2 steam dragons.

Vanquished Creatures
  A howler monkey (D:5)
  A hound (D:4)
  A jelly (D:2)
  2 iguanas (D:5)
  7 gnolls
  3 adders
  A white imp (D:5)
  3 worms
  3 dart slugs
  6 bats
  13 endoplasms
  5 giant cockroaches
  4 goblins
  9 hobgoblins
  4 jackals (D:2)
  5 quokkas
  7 ball pythons
  3 frilled lizards
  14 kobolds
  5 rats
97 creatures vanquished.

Vanquished Creatures (collateral kills)
  Dowan (D:5)
  A worm (D:2)
2 creatures vanquished.

Grand Total: 99 creatures vanquished

Notes
Turn   | Place    | Note
-------+----------+-------------------------------------------
     0 | D:1      | Amplified the Demonspawn Earth Elementalist began the quest
                  | for the Orb.
     0 | D:1      | Reached XP level 1. HP: 13/13 MP: 3/3
   183 | D:1      | Reached skill level 1 in Transmutations
   320 | D:1      | Gained mutation: You are partially covered in icy blue
                  | scales. (AC +2) [demonic ancestry]
   320 | D:1      | Reached XP level 2. HP: 19/19 MP: 5/5
   956 | D:2      | Reached XP level 3. HP: 20/25 MP: 6/6
   991 | D:2      | Noticed Terence
  1096 | D:2      | Found a faded altar of an unknown god.
  1201 | D:2      | Reached skill level 1 in Fighting
  1380 | D:2      | Gained mutation: You have a small tail. [demonic ancestry]
  1380 | D:2      | Reached XP level 4. HP: 32/32 MP: 7/7
  1388 | D:2      | Reached skill level 1 in Axes
  1940 | D:3      | Gained mutation: You have a tail ending in a sharp stinger.
                  | [demonic ancestry]
  1940 | D:3      | Reached XP level 5. HP: 31/37 MP: 7/9
  2116 | D:3      | Learned a level 2 spell: Passwall
  2792 | D:4      | Found Rullonoa's Armour Shoppe.
  3021 | D:4      | Found Xauh's Armour Emporium.
  3305 | D:4      | Found a sacrificial altar of Ru.
  3332 | D:4      | Found a broken altar of Ashenzari.
  3414 | D:4      | Became a worshipper of Ashenzari the Shackled
  3507 | D:4      | Found Zycsem's Assorted Antiques.
  3513 | D:4      | Bought a ruby potion for 27 gold pieces
  3513 | D:4      | Bought a scroll labelled FIGIEL FUVE for 31 gold pieces
  3513 | D:4      | Bought a scroll of teleportation for 93 gold pieces
  3644 | D:5      | Entered Level 5 of the Dungeon
  3773 | D:5      | Reached XP level 6. HP: 31/44 MP: 7/10
  4145 | D:5      | Noticed Duvessa
  4283 | D:5      | Noticed Dowan
  4332 | D:5      | Killed Dowan
  4352 | D:5      | Noticed a steam dragon
  4352 | D:5      | Noticed a steam dragon
  4358 | D:5      | HP: 1/46 [steam dragon (10)]
  4359 | D:5      | Engulfed by a steam dragon's steam

Illustrated notes

Levels and vault maps discovered:
D:1:      lightli_arrival_isolated_outpost, layout_basic
D:2:      cheibrodos_fertilizer, layout_basic, ebering_ecumenical_altar_box,
          uniq_terence
D:3:      layout_loops_ring
D:4:      layout_basic, zin_academy, mainiacjoe_overflow_two_lobes,
          serial_shops, nicolae_shop_window_shopping, shop,
          kennysheep_little_box
D:5:      kennysheep_steamy, layout_cave_pools, regret_index_temple_of_mockery,
          minmay_temple_entry_purple_smoke, uniq_duvessa, uniq_menkaure

Skill      XL: |  1  2  3  4  5  6 |
---------------+-------------------+-----
Transmutations | 1 2 |  2.8
Stealth        | 2 |  2.0
Earth Magic    | 3 |  3.8
Fighting       | 1 2 |  2.5
Axes           | 1 2 |  2.3
Spellcasting   | 3 |  3.4
Dodging        | |  1.9

Action                     |  1- 3 |  4- 6 || total
---------------------------+-------+-------++-------
  Melee: Dagger            |     6 |       ||     6
         Unarmed           |     2 |       ||     2
         War axe           |    81 |   105 ||   186
         Punch             |     1 |     1 ||     2
         Tailslap          |       |    11 ||    11
   Cast: Sandblast         |    19 |    18 ||    37
  Evoke: Wand              |       |     5 ||     5
    Use: Scroll            |     4 |     9 ||    13
         Potion            |       |     8 ||     8
   Stab: Sleeping          |     6 |     6 ||    12
 Armour: Robe              |    35 |    23 ||    58
  Dodge: Dodged            |    72 |    87 ||   159
